 Dungeon Crawl Stone Soup version 0.30.1-11-g7821555f0a (webtiles) character file.

Game seed: 8613010362912960368

26331 FakeRyeBread the Grappler (level 12, 0/123 HPs)
             Began as a Troll Fighter on Nov 16, 2023.
             Was a Priest of Wu Jian.
             Slain by an elephant (3 damage)
             ... while petrified by a basilisk
             ... on level 4 of the Lair of Beasts.
             The game lasted 00:30:10 (13114 turns).

FakeRyeBread the Grappler (Troll Fighter)          Turns: 13114, Time: 00:30:11

Health: 0/123      AC: 13    Str: 27    XL:     12   Next: 97%
Magic:  11/11      EV:  1    Int:  8    God:    Wu Jian [***...]
Gold:   1296       SH:  0    Dex:  9    Spells: 11/11 levels left

rFire   . .          .
                       - Unarmed
rCold   . . .        b - +2 kite shield
rNeg    + + +        A - +0 steam dragon scales
rPois   ∞            t - +1 hat
rElec   .            C - +0 cloak
rCorr   +            (gloves unavailable)
SInv    .            (boots unavailable)
Will    .....        H - amulet of reflection
Stlth   +            d - +4 ring of protection
HPRegen 1.20/turn    E - ring of resist corrosion
MPRegen 0.12/turn

%: reflection
@: petrified, slowed, studying Dodging
A: large, unfitting armour, claws 3, regeneration 1, shaggy fur 1, tough skin 1
a: Renounce Religion, Wall Jump, Serpent's Lash


You were on level 4 of the Lair of Beasts.
You worshipped Wu Jian.
Wu Jian was most pleased with you.
You visited 3 branches of the dungeon, and saw 17 of its levels.

You collected 1296 gold pieces.

Inventory:

Missiles
 g - 4 curare-tipped darts
 l - 123 stones
 p - 4 silver boomerangs
 s - 32 poisoned darts
 x - 5 boomerangs
 J - a throwing net
 M - 6 javelins
Armour
 b - a +2 kite shield (worn)
 t - a +1 hat (worn)
 A - +0 steam dragon scales (worn)
 C - a +0 cloak (worn)
Jewellery
 a - a ring of protection from cold
 d - a +4 ring of protection (left claw)
 z - the amulet "Juniqein" {Faith +Inv Str+2 Dex+3}
   (You found it on level 8 of the Dungeon)

   [amulet of faith]

   It allows you to gain divine favour quickly.
   Str:       It affects your strength (+2).
   Dex:       It affects your dexterity (+3).
   +Inv:      It lets you turn invisible.
 B - a +4 ring of protection
 E - a ring of resist corrosion (right claw)
 H - an amulet of reflection (around neck)
 Q - a ring of see invisible
Wands
 i - a wand of quicksilver (4)
 v - a wand of mindburst (12)
 F - a wand of digging (4)
 I - a wand of charming (9)
 K - a wand of iceblast (11)
 N - a wand of flame (11) (quivered)
Scrolls
 e - 8 scrolls of fog
 j - 12 scrolls of teleportation
 r - a scroll of torment
 w - a scroll of blinking
 y - 3 scrolls of identify
 L - a scroll of silence
 O - 3 scrolls of fear
 S - a scroll of enchant armour
Potions
 c - 5 potions of might
 f - 3 potions of mutation
 h - a potion of invisibility
 k - a potion of ambrosia
 m - a potion of lignification
 n - 3 potions of flight
 o - 4 potions of haste
 q - 3 potions of curing
 u - a potion of brilliance
 D - a potion of berserk rage
 G - a potion of resistance
 R - a potion of cancellation {unknown}


   Skills:
 + Level 9.1 Fighting
 + Level 8.9 Dodging
 + Level 10.0 Shields
 * Level 14.6 Unarmed Combat


You had 11 spell levels left.
You didn't know any spells.
Your spell library contained the following spells:

 Spells                   Type           Power      Damage    Failure   Level
 Beastly Appendage        Tmut           0%         N/A       56%         1
 Summon Small Mammal      Summ           0%         N/A       56%         1
 Cigotuvi's Dreadful Rot  Necr/Pois/Air  0%         N/A       71%         2
 Wereblood                Tmut           0%         N/A       71%         2
 Call Canine Familiar     Summ           0%         N/A       91%         3
 Ignite Poison            Fire/Tmut/Pois 0%         N/A       91%         3
 Spider Form              Tmut/Pois      0%         N/A       91%         3
 Summon Guardian Golem    Hex/Summ       0%         N/A       91%         3
 Freezing Cloud           Conj/Ice/Air   0%         6-21      100%        5
 Conjure Ball Lightning   Conj/Air       0%         3x3d6     100%        6
 Discord                  Hex            0%         N/A       100%        8
 Disjunction              Tloc           0%         N/A       100%        8


Dungeon Overview and Level Annotations

Branches:
Dungeon (12/15)            Temple (1/1) D:5            Lair (4/5) D:11
 Shoals (0/4) Lair:2        Snake (0/4) Lair:2          Orc (0/2) D:12
  Slime: Lair:4-5

Altars:
Ashenzari
Cheibriados
Dithmenos
Elyvilon
Fedhas
Gozag
Hepliaklqana
Kikubaaqudgha
Makhleb
Nemelex Xobeh
Okawaru
Qazlal
Ru
Sif Muna
Trog
Uskayaw
Vehumet
Wu Jian
Xom
Yredelemnul
Zin
The Shining One

Portals:
Trove: D:11 (give 7 potions of haste)

Annotations:
D:8 exclusion: ice statue


Innate Abilities, Weirdness & Mutations

You are too large for most types of armour.
You have claws for hands.
Your natural rate of healing is unusually fast.
You are covered in fur. (AC +1)
You have tough skin. (AC +1)


Message History

The elephant tramples you but does no damage.
The elephant completely misses you.
The elephant tramples you but does no damage.
The elephant barely misses you.
The basilisk hisses menacingly.
You block the basilisk's attack. The torpor snail bites you!
* * * LOW HITPOINT WARNING * * *
You have turned to stone.
The elephant tramples you but does no damage.
The elephant trunk-slaps you.
* * * LOW HITPOINT WARNING * * *
The elephant tramples you!
* * * LOW HITPOINT WARNING * * *
You hold your ground!
The elephant trunk-slaps you.
* * * LOW HITPOINT WARNING * * *
The elephant tramples you but does no damage.
The elephant trunk-slaps you but does no damage.
The basilisk bites you.
* * * LOW HITPOINT WARNING * * *
The elephant tramples you but does no damage.
The elephant trunk-slaps you but does no damage.
A nearby plant withers and dies.
The elephant tramples you!
* * * LOW HITPOINT WARNING * * *
You hold your ground!
The elephant trunk-slaps you.
The elephant tramples you but does no damage.
The elephant trunk-slaps you.
* * * LOW HITPOINT WARNING * * *
The elephant tramples you!
* * * LOW HITPOINT WARNING * * *
You hold your ground!
The elephant trunk-slaps you but does no damage.
The elephant barely misses you.
The elephant trunk-slaps you but does no damage.
The torpor snail bites you.
The basilisk bites you but does no damage.
The elephant tramples you but does no damage.
The elephant trunk-slaps you but does no damage.
The elephant tramples you but does no damage.
The elephant barely misses you. The elephant tramples you!
You die...

## ## ### ### ##
##.###.##P##..##.##
............ .......
.#P.......##.#.....
#...........##.....
##....+...........
#P....#.YY........
#P.....#YYw.......
##....#.Y@Y##....$
#......#.l.# ....
##....#....# ...
##.........# ..
.####........##... .
..>.......#####...
...................
...................
...........Y........


You could see 6 elephants, a torpor snail and a basilisk.

Vanquished Creatures
  2 catoblepae (Lair:3)
  A hydra (Lair:3)
  2 two-headed ogres
  A skyshark (Lair:3)
  A lindwurm (Lair:2)
  Pikel (D:4)
  2 manticores
  Maurice (D:8)
  3 black mambas
  2 gargoyles
  5 cane toads
  An unseen horror (D:10)
  Joseph (D:7)
  2 kobold demonologists
  6 komodo dragons
  2 trolls
  3 polar bears
  A hornet (D:10)
  4 blink frogs (Lair:2)
  A snapping turtle (Lair:2)
  2 dream sheep (Lair:4)
  A shadow (D:11)
  4 slime creatures (D:12)
  2 wraiths
  3 wyverns
  A vampire (D:12)
  Grum (D:8)
  2 basilisks
  25 yaks
  A steam dragon (D:7)
  4 vampire mosquitoes (D:11)
  3 acid dragons
  3 nagas (Lair:2)
  Duvessa (D:7)
  7 water moccasins
  An orc warrior (D:7)
  2 sky beasts (D:7)
  3 ice beasts (D:7)
  2 black bears
  4 centaurs
  3 ogres
  A lemure (D:4)
  14 wolves
  A kobold brigand (D:9)
  3 bullfrogs
  A scorpion (D:6)
  A gnoll sergeant (D:10)
  13 wights
  Dowan (D:7)
  5 howler monkeys
  3 electric eels (Lair:1)
  3 hounds
  2 jellies
  A gnoll bouda (D:8)
  3 orc priests
  A sleepcap (D:6)
  3 iguanas
  5 orc wizards
  16 gnolls
  5 adders
  A shadow imp (D:7)
  2 white imps
  An ufetubus (D:7)
  3 worms
  2 dart slugs (D:1)
  18 orcs
  8 endoplasms
  5 giant cockroaches
  9 goblins
  11 hobgoblins
  7 jackals
  8 kobolds
  6 quokkas
  9 ball pythons
  8 bats
  6 frilled lizards
  4 rats
307 creatures vanquished.

Notes
Turn   | Place    | Note
-------+----------+-------------------------------------------
     0 | D:1      | FakeRyeBread the Troll Fighter began the quest for the Orb.
     0 | D:1      | Reached XP level 1. HP: 22/22 MP: 0/0
    48 | D:1      | Reached XP level 2. HP: 23/29 MP: 1/1
   155 | D:1      | Reached XP level 3. HP: 36/36 MP: 2/2
   223 | D:1      | Reached skill level 3 in Unarmed Combat
   755 | D:2      | Reached XP level 4. HP: 44/44 MP: 3/3
  1061 | D:2      | Found a faded altar of an unknown god.
  1735 | D:3      | Reached skill level 4 in Unarmed Combat
  1735 | D:3      | Reached XP level 5. HP: 53/53 MP: 4/4
  2406 | D:4      | Noticed a lemure
  2436 | D:4      | Killed a lemure
  2463 | D:4      | Noticed a black bear
  2474 | D:4      | Killed a black bear
  2523 | D:4      | Noticed Pikel
  2523 | D:4      | Noticed a lemure
  2524 | D:4      | Noticed a lemure
  2526 | D:4      | Noticed a lemure
  2539 | D:4      | Killed Pikel
  2540 | D:4      | Reached skill level 6 in Unarmed Combat
  2540 | D:4      | Reached XP level 6. HP: 6/62 MP: 5/5
  2540 | D:4      | Reached XP level 7. HP: 7/70 MP: 6/6
  3639 | D:5      | Entered Level 5 of the Dungeon
  3750 | D:5      | Noticed a wraith
  3760 | D:5      | Killed a wraith
  3865 | D:5      | Found a staircase to the Ecumenical Temple.
  3874 | D:5      | Reached skill level 5 in Shields
  3874 | D:5      | Reached XP level 8. HP: 75/79 MP: 7/7
  3882 | Temple   | Entered the Ecumenical Temple
  3962 | Temple   | Became a worshipper of the Wu Jian Council
  4098 | D:5      | Reached skill level 7 in Unarmed Combat
  4206 | D:5      | Identified the +1 long sword of Somewhere Else {freeze,
                  | Fly}
  4289 | D:5      | You fall into a shaft and drop 1 floor!
  4590 | D:5      | Found a glowing golden altar of the Shining One.
  4702 | D:5      | Reached skill level 5 in Fighting
  4997 | D:6      | Reached skill level 8 in Unarmed Combat
  5800 | D:7      | Reached XP level 9. HP: 82/88 MP: 8/8
  5868 | D:7      | Reached * piety under Wu Jian
  5902 | D:7      | Noticed Dowan
  5904 | D:7      | Noticed Duvessa
  5909 | D:7      | Killed Dowan
  5916 | D:7      | Killed Duvessa
  5917 | D:7      | Reached skill level 9 in Unarmed Combat
  5977 | D:7      | Found a hazy altar of Hepliaklqana.
  6041 | D:7      | Noticed Joseph
  6055 | D:7      | Killed Joseph
  6397 | D:7      | Reached skill level 10 in Unarmed Combat
  6533 | D:8      | Reached ** piety under Wu Jian
  6534 | D:8      | Reached XP level 10. HP: 98/98 MP: 9/9
  6554 | D:8      | Noticed Maurice
  6651 | D:8      | Noticed Grum
  6680 | D:8      | Killed Grum
  6699 | D:8      | Identified the amulet "Juniqein" {Faith +Inv Str+2 Dex+3}
  6759 | D:8      | Noticed an ice statue
  6824 | D:8      | Killed Maurice
  7353 | D:9      | Reached skill level 11 in Unarmed Combat
  7556 | D:10     | Entered Level 10 of the Dungeon
  7562 | D:10     | Found an iron altar of Okawaru.
  7720 | D:10     | Reached skill level 5 in Dodging
  7745 | D:10     | Noticed a gargoyle
  7750 | D:10     | Killed a gargoyle
  7806 | D:10     | Paralysed by a hornet for 3 turns
  7883 | D:10     | Reached XP level 11. HP: 109/109 MP: 10/10
  8177 | D:10     | Noticed a two-headed ogre
  8187 | D:10     | Killed a two-headed ogre
  8401 | D:11     | Reached skill level 12 in Unarmed Combat
  8455 | D:11     | Found a staircase to the Lair.
  8924 | D:11     | Found a portal to a secret trove of treasure.
  9019 | D:12     | Found a staircase to the Orcish Mines.
  9031 | D:12     | Noticed a two-headed ogre
  9068 | D:12     | Killed a two-headed ogre
  9471 | D:12     | Found a stormy altar of Qazlal.
  9630 | D:11     | Identified a scroll of acquirement
  9631 | D:11     | Acquired a manual of Dodging
  9674 | D:12     | Noticed a sixfirhy
 10028 | Lair:1   | Entered Level 1 of the Lair of Beasts
 10111 | Lair:1   | Reached skill level 13 in Unarmed Combat
 10301 | Lair:1   | Reached XP level 12. HP: 93/119 MP: 11/11
 10481 | Lair:1   | Reached *** piety under Wu Jian
 11158 | Lair:2   | Found a staircase to the Snake Pit.
 11264 | Lair:2   | Found a staircase to the Shoals.
 11434 | Lair:2   | Reached skill level 14 in Unarmed Combat
 11900 | Lair:3   | Noticed an eight-headed hydra
 11906 | Lair:3   | Noticed a catoblepas
 12052 | Lair:3   | Noticed a catoblepas
 12087 | Lair:3   | Killed a catoblepas
 12242 | Lair:3   | Killed an eight-headed hydra
 12274 | Lair:3   | Killed a catoblepas
 13086 | Lair:4   | Reached skill level 10 in Shields
 13113 | Lair:4   | HP: 6/123 [elephant (1)]
 13113 | Lair:4   | HP: 2/123 [elephant (4)]
 13114 | Lair:4   | Slain by an elephant

Illustrated notes

Levels and vault maps discovered:
D:1:      dpeg_arrival_lava_altar, layout_rooms
D:2:      cheibrodos_greedy_goblins, layout_loops_corners,
          chequers_ecumenical_altar_island
D:3:      layout_basic
D:4:      layout_layer_cave, uniq_pikel
D:5:      minmay_recursive_quarters, layout_basic, tso_oasis_becter,
          minmay_temple_entry_butterflies
D:6:      layout_cave_pods
D:7:      layout_gridville, mainiacjoe_overflow_surrounded_room,
          grunt_tough_drop, uniq_joseph, uniq_duvessa
D:8:      lemuel_ice_statue, layout_rooms, minmay_misc_feat_plants, uniq_grum,
          uniq_maurice
D:9:      layout_loops_cross
D:10:     layout_gridville, okawaru_ov_weapons_minmay
D:11:     layout_cave_pools, lair_entry_dummy, serial_glass, glass_columns_a,
          glass_columns_b, enter_trove_6
D:12:     layout_small_grid, orc_0_dummy, nicolae_qazlal_eye_of_the_storm
Temple:   compressed_dpeg_triangle_lava_temple
Lair:1:   layout_cave_pods, serial_bayou_shore_a
Lair:2:   layout_roguey, minmay_shoals_entry_hut, nicolae_snake_entry_squirm,
          grunt_megastairs_5
Lair:3:   layout_cave_pods, serial_bayou, serial_bayou_crossing,
          serial_bayou_pond_b, serial_bayou_lagoon_a, serial_bayou_pond_e
Lair:4:   gammafunk_mikee_crab_dinner, layout_regular_city,
          eino_small_chamber_without_monster, chequers_serial_rivers_large_b

Skill      XL: |  1  2  3  4  5  6  7  8  9 10 11 12 |
---------------+-------------------------------------+-----
Shields        | 3 4 5 6 7 9 10 | 10.0
Unarmed Combat | 3 4 6 8 10 11 13 14 | 14.6
Fighting       | 3 4 5 6 7 8 9 |  9.1
Dodging        | 3 5 6 8 |  8.9

Action                     |  1- 3 |  4- 6 |  7- 9 | 10-12 || total
---------------------------+-------+-------+-------+-------++-------
  Melee: Unarmed           |    91 |   149 |   269 |   628 ||  1137
  Throw: Dart              |       |     7 |     3 |       ||    10
         Boomerang         |       |       |       |     4 ||     4
Ability: Lunge             |       |       |    17 |    38 ||    55
         Whirlwind         |       |       |     3 |    45 ||    48
  Evoke: Wand              |       |       |       |    16 ||    16
    Use: Scroll            |       |     7 |     9 |    14 ||    30
         Potion            |       |       |     1 |     6 ||     7
   Stab: Sleeping          |     1 |     1 |       |       ||     2
 Armour: Robe              |    51 |    48 |    49 |       ||   148
         Steam dragon scal |       |       |    21 |   195 ||   216
         Skin              |       |       |       |    19 ||    19
  Dodge: Dodged            |    37 |    63 |   101 |   159 ||   360
  Block: Kite shield       |    42 |    58 |   125 |   393 ||   618
         Reflection        |       |       |       |     7 ||     7
